Map: Lightshade LE

Players

UEDColonel

  • Race: Terran Terran
  • League: Diamond

cooc - Winner!

  • Race: Zerg Zerg
  • League: Diamond

VOD

Have the link to the VOD?

Description

WHAT IS THIS?!?!?! AM I JUST REALLY BAD

Time

  • Played on: Oct. 14, 2021, 5:12 a.m.
  • Length: 8:15
Show
View Real Time Build Order
Export as new Build Order

UEDColonel Terran 

Build Orders: Reaper Expand 

Get SALT Encoding   

  12  0:00  SCV  
  13  0:12  SCV  
  14  0:16  Supply Depot  
  14  0:24  SCV  
  15  0:38  SCV  
  15  0:40  Barracks  
  16  0:44  Refinery  
  16  0:50  SCV  
  17  1:02  SCV  
  18  1:14  SCV  
  19  1:29  Reaper  
  19  1:30  Orbital Command  
  20  1:42  Command Center  
  20  1:59  Supply Depot  
  20  2:01  Marine  
  21  2:09  SCV  
  21  2:13  Factory  
  22  2:20  Barracks Reactor  
  22  2:21  Bunker  
  22  2:26  SCV  
  23  2:33  Refinery  
  23  2:38  SCV  
  24  2:46  Bunker  
  24  2:57  SCV  
  25  2:59  Marine x2  
  25  3:00  Factory Tech Lab  
  27  3:09  Orbital Command  
  27  3:13  SCV  
  27  3:18  Marine x2  
  29  3:31  Siege Tank  
  32  3:37  Marine x2  
  32  3:39  Orbital Command  
  34  3:42  SCV  
  35  3:51  Starport  
  35  3:54  Marine  
  35  3:55  Marine  
  36  4:03  Orbital Command  
  36  4:08  SCV  
  36  4:15  Marine x2  
  36  4:16  Siege Tank  
  41  4:21  SCV  
  42  4:29  Starport Tech Lab  
  42  4:31  SCV  
  43  4:33  SCV  
  43  4:36  Supply Depot x2, Marine x2  
  46  4:44  SCV  
  47  4:47  Command Center  
  47  4:53  Banshee  
  47  4:54  Marine  
  47  4:59  Marine  
  52  5:02  SCV x2  
  52  5:14  SCV  
  52  5:15  SCV  
  52  5:17  Marine  
  52  5:18  Marine  
  55  5:25  Siege Tank  
  55  5:27  SCV x2  
  60  5:36  Marine x2  
  60  5:39  SCV x2  
  64  5:48  Refinery  
  64  5:50  Refinery  
  64  5:51  SCV x2  
  66  5:59  Engineering Bay  
  66  6:00  Supply Depot, Marine x2  
  66  6:01  Siege Tank  
  43  6:33  Marine  
  43  6:35  SCV x2  
  36  6:45  Orbital Command  
  34  6:47  SCV x2  
  34  6:59  SCV  
  34  7:00  SCV  
  31  7:11  SCV  
  31  7:12  SCV  
  31  7:13  Siege Tank  
  35  7:24  SCV x2  
  35  7:28  SCV  
  38  7:32  Barracks  
  38  7:36  SCV, Supply Depot  
  40  7:37  Supply Depot  
  40  7:38  Supply Depot  
  40  7:47  Engineering Bay  
  40  7:51  SCV x2  
  41  8:01  Barracks  
  41  8:02  Barracks, Supply Depot  
  41  8:03  SCV  
  43  8:14  Refinery  
Show
View Real Time Build Order
Export as new Build Order

cooc Zerg - Winner!

Build Orders: Pool First, Lurkers 

Get SALT Encoding   

  12  0:01  Drone  
  13  0:10  Drone  
  14  0:17  Overlord  
  14  0:35  Drone x3  
  17  0:45  Spawning Pool  
  17  0:48  Extractor  
  15  0:52  Extractor  
  15  0:56  Overlord  
  14  1:04  Overlord  
  14  1:18  Drone  
  14  1:21  Drone  
  16  1:29  Drone  
  17  1:37  Roach Warren  
  16  1:42  Drone  
  17  1:59  Queen  
  19  2:18  Roach x2  
  19  2:20  Roach  
  25  2:40  Lair  
  25  2:47  Drone x2  
  27  2:58  Drone  
  28  3:09  Drone  
  28  3:10  Drone x3  
  32  3:31  Overlord x2  
  32  3:45  Hydralisk Den  
  31  4:04  Pneumatized Carapace  
  25  4:15  Hydralisk  
  25  4:16  Hydralisk x3  
  33  4:21  Lurker Den  
  32  4:25  Roach x3  
  38  4:46  Zergling x4  
  38  4:48  Zergling x2  
  38  4:49  Zergling x4  
  43  5:07  Zergling x2  
  43  5:08  Zergling x2  
  45  5:27  Lurker x4  
  49  5:32  Zergling x6  
  52  5:59  Hydralisk  
  52  6:02  Overlord  
  49  6:37  Hydralisk  
  49  6:38  Hydralisk x3  
  43  7:01  Hydralisk  
  43  7:02  Hydralisk  
  43  7:08  Lurker x2  
  47  7:18  Zergling x2  
  45  7:30  Hatchery  
  41  7:37  Lurker  
  41  7:39  Hatchery  
  41  7:45  Lurker  
  41  7:46  Zergling x10  
Tags
 
Add a new tag
Caveats
  • Supply blocks, unpowered buildings, or Contaminate may cause inaccurate times.
  • Supply counts are checked every 10 seconds.